AoeStats
← Rotrex

Fortress

509105802Analyzed
4v4 RM · 5d ago on Sep 25, 2026· 48m 54s· 8 players
Game mode
Random Map
Map size
Huge
Population
200
Speed
Normal
Resources
Standard
Victory
Conquest
Starting age
Dark Age
Ending age
Imperial Age
RankedLock teamsTeams togetherTeam positionsShared explorationLock speedFull tech treeHidden civsTurbo modeCheats
Victory
Defeat
🇪🇸 Spanish · Spain
1368
+10
🇳🇱 Danes · Netherlands
1250
+14
🇩🇪 Slavs · Germany
1219
+16
🇪🇸 Huns · Spain
1196
+16
🇨🇳 Varangians · China
1272
-16
🇨🇳 Spanish · China
1207
-14
🇮🇳 Teutons · India
1194
-13
🇻🇳 Cumans · Vietnam
1191
-13
IkerJura23783
9:17 Feudal Age
9:53 Double-Bit Axe
13:14 Castle Age
11:16 Gold Mining
11:39 Scale Barding Armor
12:18 Forging
12:05 Horse Collar
14:44 Loom
15:10 Husbandry
15:56 Gold Shaft Mining
16:03 Bloodlines
20:02 Marauders
21:01 Wheelbarrow
21:40 Bow Saw
22:57 Chain Barding Armor
25:35 Iron Casting
27:07 Hand Cart
32:55 Imperial Age
33:15 Heavy Plow
34:01 Conscription
34:18 Plate Barding Armor
34:44 Blast Furnace
33:49 Stone Mining
34:11 Caravan
34:14 Elite Tarkan
35:17 Conscription
38:39 Light Cavalry
39:15 Town Watch
43:58 Hussar
RM123
7:54 Feudal Age
9:18 Double-Bit Axe
12:08 Castle Age
10:16 Horse Collar
10:24 Arson
10:42 Gold Mining
11:09 Loom
11:52 Forging
11:44 Scale Mail Armor
13:58 Bow Saw
21:21 Wheelbarrow
20:40 Stone Mining
20:53 Heavy Plow
22:23 Iron Casting
23:03 Chain Mail Armor
23:21 Hand Cart
27:32 Imperial Age
26:51 Fletching
27:37 Capped Ram
29:31 Blast Furnace
29:02 Plate Mail Armor
28:53 Siege Ram
29:29 Gambesons
29:44 Squires
30:24 Conscription
29:59 Elite Jomsviking
31:46 Bodkin Arrow
32:16 Ballistics
32:56 Chemistry
32:12 Thumb Ring
33:21 Hoardings
32:45 Cranequins
36:45 Man-at-Arms
38:01 Long Swordsman
38:43 Two-Handed Swordsman
39:51 Bracer
41:47 Caravan
41:54 Champion
48:26 Pikeman
Idle
7:03 Feudal Age
11:38 Castle Age
9:44 Horse Collar
10:02 Double-Bit Axe
12:38 Heavy Plow
13:21 Bow Saw
14:52 Town Watch
15:43 Wheelbarrow
17:14 Loom
19:12 Gold Mining
19:14 Stone Mining
20:03 Hand Cart
20:33 Town Patrol
22:13 Gold Shaft Mining
21:42 Scale Mail Armor
23:56 Chain Mail Armor
23:53 Forging
25:00 Scale Barding Armor
25:08 Detinets
27:54 Imperial Age
28:21 Chain Barding Armor
28:38 Iron Casting
28:06 Caravan
28:23 Fletching
29:36 Druzhina
29:58 Conscription
31:06 Plate Barding Armor
30:45 Bloodlines
30:35 Husbandry
30:51 Elite Boyar
31:40 Light Cavalry
34:11 Blast Furnace
39:57 Plate Mail Armor
40:41 Man-at-Arms
41:23 Squires
41:21 Bodkin Arrow
41:16 Long Swordsman
42:27 Two-Handed Swordsman
42:29 Pikeman
44:10 Champion
44:12 Halberdier
46:31 Two-Man Saw
46:05 Crop Rotation
45:45 Heavy Scorpion
47:27 Ballistics
47:13 Siege Engineers
48:10 Chemistry
Rotrex
7:49 Feudal Age
11:27 Castle Age
9:56 Double-Bit Axe
9:54 Horse Collar
10:28 Gold Mining
14:35 Loom
17:47 Bloodlines
19:58 Wheelbarrow
21:05 Fletching
21:17 Husbandry
23:40 Heavy Plow
23:53 Bow Saw
23:47 Padded Archer Armor
29:04 Imperial Age
26:58 Leather Archer Armor
26:54 Stone Mining
27:59 Hand Cart
28:06 Hand Cart
29:22 Elite Conquistador
30:25 Conscription
30:40 Ring Archer Armor
33:09 Town Watch
34:03 Stone Shaft Mining
34:30 Two-Man Saw
35:08 Chemistry
34:28 Ballistics
38:10 Murder Holes
38:30 Bodkin Arrow
42:44 Fortified Wall
48:56 Supremacy
49:14 Bracer
49:20 Scale Barding Armor
49:26 Forging
chuquyen
1:38 Loom
7:44 Feudal Age
9:58 Double-Bit Axe
15:53 Castle Age
15:20 Stone Mining
15:26 Gold Mining
15:20 Horse Collar
17:18 Bow Saw
18:07 Heavy Plow
22:40 Wheelbarrow
23:13 Padded Archer Armor
23:46 Scale Mail Armor
24:37 Leather Archer Armor
25:16 Fletching
26:19 Hand Cart
26:25 Hand Cart
28:12 Gold Shaft Mining
28:11 Bodkin Arrow
32:05 Imperial Age
30:14 Chain Mail Armor
30:57 Steppe Husbandry
31:09 Forging
31:40 Scale Barding Armor
33:43 Iron Casting
34:02 Ring Archer Armor
33:14 Elite Kipchak
34:28 Plate Mail Armor
35:24 Chemistry
33:47 Light Cavalry
34:37 Bloodlines
34:52 Hussar
38:11 Blast Furnace
37:34 Chain Barding Armor
43:20 Capped Ram
ABCDE
8:20 Feudal Age
12:07 Castle Age
12:24 Wheelbarrow
12:49 Double-Bit Axe
12:59 Horse Collar
15:08 Bow Saw
15:15 Heavy Plow
22:58 Gold Mining
22:58 Stone Mining
25:00 Stone Shaft Mining
25:40 Loom
26:10 Hand Cart
25:42 Town Watch
29:15 Imperial Age
28:25 Squires
28:10 Arson
29:05 Forging
28:55 Scale Mail Armor
29:18 Elite Varangian Guard
30:22 Conscription
29:22 Gothikon
30:41 Iron Casting
30:21 Chain Mail Armor
31:34 Plate Mail Armor
32:21 Blast Furnace
31:28 Scale Barding Armor
32:07 Coinage
31:45 Fletching
39:19 Chain Barding Armor
38:54 Bodkin Arrow
41:08 Elite Jarl
44:36 Vendel Legacy
45:44 Elite Jarl
48:30 Bloodlines
48:21 Husbandry
Null Pointer
7:14 Feudal Age
7:40 Horse Collar
7:46 Double-Bit Axe
12:29 Castle Age
12:56 Loom
15:53 Bow Saw
18:34 Heavy Plow
22:51 Pikeman
23:32 Squires
24:02 Fletching
26:11 Wheelbarrow
25:49 Forging
25:10 Elite Skirmisher
26:19 Gold Mining
28:20 Coinage
32:03 Imperial Age
30:31 Iron Casting
29:55 Bodkin Arrow
30:52 Arson
31:31 Ballistics
33:19 Padded Archer Armor
33:55 Iron Casting
33:48 Hand Cart
33:18 Town Watch
34:19 Bloodlines
35:58 Banking
36:01 Fortified Wall
35:27 Halberdier
36:51 Scale Mail Armor
38:04 Chain Mail Armor
38:08 Leather Archer Armor
38:53 Blast Furnace
39:36 Plate Mail Armor
39:13 Scale Barding Armor
41:21 Chemistry
40:19 Gambesons
42:02 Two-Man Saw
41:16 Scale Barding Armor
42:32 Town Patrol
43:24 Bombard Tower
45:17 Ring Archer Armor
47:43 Stone Mining
老徐
4:31 Loom
7:25 Feudal Age
12:53 Castle Age
10:57 Double-Bit Axe
11:21 Horse Collar
13:24 Scale Barding Armor
15:25 Bow Saw
16:27 Wheelbarrow
21:48 Bloodlines
29:09 Hand Cart
31:01 Heavy Plow
33:50 Husbandry
34:43 Forging
34:25 Fletching
34:36 Gold Mining
38:19 Chain Barding Armor
39:42 Iron Casting
Connection lost

Rejoining the realm…

Still unreachable

The connection could not be restored.

Session expired

The server has moved on; the page needs a fresh start.